Map: Ulrena

Players

AcerNerchio (Nerchio)

  • Race: Zerg Zerg

speaknow (ByuN) - Winner!

  • Race: Terran Terran
  • League: Platinum

Event: Gauntlet LotV Series 1 Qualifier 1

VOD

Have the link to the VOD?

Description

Time

  • Played on: Nov. 22, 2015, 6:44 p.m.
  • Length: 15:24

All games in this series

Show
View Real Time Build Order
Export as new Build Order

AcerNerchio Zerg 

Build Orders: Hatch First 

Get SALT Encoding   

  12  0:01  Drone  
  13  0:12  Overlord  
  13  0:17  Drone  
  14  0:31  Drone x2  
  14  0:34  Drone  
  17  0:53  Hatchery  
  17  0:55  Drone  
  17  0:59  Drone  
  18  1:12  Spawning Pool  
  18  1:15  Drone  
  18  1:18  Drone  
  18  1:22  Extractor  
  18  1:28  Drone  
  19  1:39  Overlord  
  19  1:59  Queen, Zergling x2  
  19  2:00  Zergling x2  
  23  2:04  Queen  
  23  2:05  Zergling x2  
  26  2:11  Drone  
  27  2:18  Roach Warren  
  27  2:21  Drone  
  27  2:31  Overlord  
  27  2:33  Overlord  
  25  3:00  Roach x4  
  25  3:01  Roach x2  
  37  3:07  Roach  
  37  3:09  Roach  
  41  3:16  Drone x2  
  41  3:18  Drone  
  43  3:23  Drone  
  43  3:24  Drone  
  45  3:27  Drone  
  45  3:30  Drone  
  47  3:35  Ravager  
  47  3:37  Drone  
  47  3:38  Drone  
  47  3:41  Drone  
  51  3:44  Drone  
  52  3:55  Overlord  
  52  4:02  Drone x4  
  52  4:08  Drone  
  52  4:09  Drone x3  
  50  4:14  Drone  
  51  4:23  Hatchery  
  50  4:27  Extractor  
  50  4:29  Drone x2  
  51  4:31  Drone  
  51  4:35  Overlord  
  52  4:41  Queen  
  52  4:43  Extractor  
  53  4:52  Roach x3  
  59  4:56  Overlord  
  59  5:01  Ravager x2, Queen  
  59  5:03  Roach x2  
  67  5:09  Overlord  
  65  5:17  Queen  
  65  5:18  Roach x2  
  61  5:28  Drone  
  61  5:29  Drone x5  
  61  5:32  Drone  
  61  5:35  Evolution Chamber  
  64  5:36  Evolution Chamber, Queen  
  64  5:37  Drone  
  64  5:42  Drone  
  67  5:46  Ravager x2  
  67  5:47  Drone x2  
  67  5:49  Lair  
  71  5:51  Drone, Extractor  
  71  5:56  Drone  
  72  5:59  Drone  
  72  6:00  Zerg Missile Weapons Level 1  
  72  6:01  Drone x2  
  75  6:08  Overlord  
  75  6:11  Overlord  
  75  6:12  Drone x3  
  76  6:20  Drone x2  
  76  6:25  Drone  
  73  6:26  Zerg Ground Armor Level 1  
  73  6:27  Drone  
  73  6:28  Drone x2  
  73  6:29  Drone  
  73  6:32  Drone  
  78  6:34  Drone x3, Extractor  
  78  6:35  Drone  
  78  6:36  Extractor  
  80  6:48  Roach x4  
  80  6:50  Glial Reconstitution  
  80  6:53  Roach  
  90  6:56  Overlord  
  90  6:57  Hatchery  
  90  7:01  Roach x3  
  95  7:02  Roach  
  95  7:06  Overlord  
  93  7:19  Roach x6  
  105  7:23  Overlord x2  
  105  7:27  Overlord  
  105  7:28  Overlord  
  105  7:30  Overlord  
  104  7:44  Roach x6  
  110  7:46  Roach  
  111  7:52  Roach  
  111  7:53  Roach x2  
  111  7:57  Ravager x3  
  111  7:58  Ravager x2  
  118  8:02  Roach x2  
  118  8:03  Roach  
  121  8:07  Roach x2  
  121  8:11  Roach x2  
  129  8:14  Roach  
  129  8:15  Roach  
  129  8:17  Roach  
  135  8:21  Roach x2  
  135  8:24  Ravager x2  
  135  8:25  Roach  
  135  8:26  Roach  
  145  8:29  Roach  
  145  8:31  Overlord  
  147  8:37  Roach  
  147  8:38  Roach x2  
  147  8:40  Roach x2  
  143  8:44  Roach  
  143  8:45  Roach  
  143  8:47  Roach  
  143  8:48  Roach  
  121  8:50  Roach  
  121  8:51  Roach  
  121  8:54  Roach  
  118  8:56  Roach  
  118  8:58  Roach  
  118  8:59  Drone  
  118  9:00  Drone  
  116  9:07  Drone  
  116  9:08  Drone x6  
  113  9:10  Drone  
  113  9:14  Drone x2  
  116  9:19  Zerg Missile Weapons Level 2  
  116  9:26  Roach x6  
  116  9:29  Roach  
  116  9:30  Roach  
  132  9:32  Roach  
  132  9:34  Roach  
  132  9:38  Roach x2  
  134  9:39  Roach  
  134  9:41  Roach  
  134  9:42  Roach  
  134  9:44  Roach  
  142  9:52  Roach x4  
  146  9:53  Roach  
  146  9:58  Queen  
  148  10:00  Drone  
  148  10:01  Drone x3  
  148  10:02  Drone  
  148  10:06  Drone x3  
  145  10:09  Drone  
  145  10:10  Drone  
  143  10:15  Ravager  
  143  10:16  Ravager x3  
  143  10:17  Ravager  
  143  10:20  Drone  
  143  10:21  Drone x6  
  155  10:26  Roach, Extractor  
  155  10:27  Roach, Extractor  
  157  10:30  Overlord, Roach  
  157  10:33  Overlord  
  159  10:35  Overlord  
  159  10:49  Roach x7  
  143  10:50  Roach  
  143  10:51  Roach  
  143  10:55  Roach  
  143  10:56  Roach x3  
  127  10:59  Roach  
  127  11:02  Roach  
  127  11:03  Roach x2  
  130  11:04  Roach  
  130  11:07  Roach  
  130  11:08  Roach  
  130  11:09  Roach  
  130  11:10  Roach  
  134  11:13  Roach  
  134  11:14  Roach  
  134  11:15  Roach  
  134  11:19  Roach x2  
  134  11:21  Roach  
  134  11:22  Roach  
  134  11:25  Roach x2  
  137  11:28  Roach  
  137  11:30  Roach  
  125  11:33  Roach  
  125  11:37  Roach x3  
  132  11:40  Roach  
  132  11:43  Roach  
  132  11:44  Roach  
  136  11:50  Roach x3  
  140  11:55  Roach x2  
  140  11:56  Roach  
  140  12:01  Roach x2  
  124  12:09  Ravager x5  
  124  12:10  Roach  
  124  12:11  Roach x2  
  124  12:13  Roach  
  129  12:16  Roach  
  129  12:17  Roach  
  129  12:21  Roach  
  129  12:22  Roach  
  124  12:26  Queen x2  
  124  12:29  Roach  
  126  12:31  Roach  
  126  12:33  Roach  
  126  12:35  Roach  
  130  12:37  Roach  
  130  12:39  Roach  
  130  12:43  Ravager, Roach  
  130  12:44  Ravager  
  138  12:46  Roach  
  138  12:48  Roach  
  138  12:50  Roach  
  144  12:55  Roach x2  
  148  12:59  Roach  
  148  13:00  Roach  
  148  13:01  Roach  
  148  13:02  Roach  
  148  13:03  Roach  
  156  13:12  Roach x4  
  146  13:14  Roach  
  146  13:19  Roach  
  127  13:22  Roach x2  
  127  13:24  Roach  
  118  13:27  Roach  
  118  13:33  Roach x3  
  112  13:37  Roach  
  112  13:41  Roach  
  108  13:43  Roach  
  108  13:46  Roach  
  104  13:49  Roach  
  104  13:53  Roach  
  93  13:56  Roach  
  93  14:00  Roach  
  95  14:03  Ravager  
  95  14:04  Ravager  
  95  14:06  Ravager x3  
  95  14:07  Ravager  
  101  14:11  Roach  
  101  14:14  Roach  
  101  14:15  Roach  
  107  14:18  Roach  
  107  14:22  Roach  
  111  14:26  Ravager x2  
  111  14:31  Roach  
  111  14:32  Roach x2  
  102  14:39  Roach x2  
  102  14:40  Roach  
  102  14:43  Roach  
  102  14:45  Roach  
  90  14:46  Roach  
  90  14:50  Roach  
  90  14:51  Roach  
  87  14:54  Roach  
  87  14:57  Roach  
Show
View Real Time Build Order
Export as new Build Order

speaknow Terran - Winner!

Build Orders: Reaper Expand, MMM Bio 

Get SALT Encoding   

  12  0:00  SCV  
  13  0:13  SCV  
  14  0:18  Supply Depot  
  14  0:25  SCV  
  15  0:39  SCV  
  15  0:40  Barracks  
  16  0:44  Refinery  
  16  0:52  SCV  
  17  1:04  SCV  
  18  1:16  SCV  
  19  1:27  Reaper  
  19  1:28  Orbital Command  
  20  1:41  Command Center  
  20  1:49  Supply Depot  
  20  1:53  SCV  
  21  1:59  Marine  
  22  2:05  Factory  
  22  2:09  SCV  
  23  2:17  Refinery  
  23  2:21  SCV  
  24  2:23  Barracks Reactor  
  24  2:33  SCV  
  25  2:45  SCV  
  24  2:54  Orbital Command  
  24  2:56  Factory Tech Lab  
  24  2:57  SCV  
  25  3:01  Starport, Marine x2  
  26  3:09  SCV  
  27  3:20  Marine x2  
  27  3:23  Bunker  
  27  3:25  SCV  
  27  3:26  SCV  
  31  3:28  Siege Tank  
  34  3:38  SCV x2  
  34  3:40  Marine x2  
  32  3:41  Medivac  
  39  3:57  SCV x2  
  39  3:58  Marine  
  42  4:05  Marine  
  42  4:09  SCV x2  
  42  4:12  Siege Tank  
  43  4:21  SCV x2  
  45  4:24  Supply Depot  
  45  4:25  Marine  
  45  4:30  Starport Reactor  
  46  4:33  Supply Depot  
  46  4:39  SCV x2  
  46  4:45  Barracks  
  48  4:48  Barracks  
  48  4:51  SCV x2  
  48  5:03  SCV x2  
  48  5:15  SCV x2  
  48  5:27  SCV x2  
  45  5:38  Barracks Tech Lab, Bunker  
  45  5:39  SCV x2, Barracks Tech Lab  
  47  5:44  Supply Depot  
  47  5:45  Starport Reactor, Refinery, Marine x2  
  49  5:51  Siege Tank  
  49  5:52  SCV x2  
  49  5:56  Marine  
  55  5:57  Stimpack  
  55  5:58  Marine  
  55  6:04  SCV x2  
  58  6:07  Engineering Bay  
  58  6:08  Supply Depot  
  58  6:11  Marine  
  58  6:12  Supply Depot, Marine  
  58  6:14  Marine  
  58  6:15  Marine  
  58  6:16  SCV x2  
  56  6:28  SCV x2  
  56  6:29  Marine x2  
  56  6:32  Marine  
  61  6:33  Siege Tank, Marine  
  65  6:40  SCV  
  65  6:41  Medivac x2  
  65  6:44  Terran Infantry Weapons Level 1  
  65  6:46  Supply Depot  
  70  6:47  Marine x2  
  70  6:52  Marauder x2  
  76  6:57  Refinery  
  76  7:05  Marine x2  
  78  7:13  Marauder  
  78  7:14  Marauder  
  80  7:19  Siege Tank, Medivac  
  84  7:23  Marine x2  
  84  7:27  SCV x2, Barracks  
  84  7:29  Barracks  
  88  7:43  Marauder x2, Marine x2  
  93  7:57  Command Center  
  90  8:01  Siege Tank, Marine x2  
  90  8:03  Medivac  
  90  8:04  Marauder  
  90  8:05  Marauder  
  101  8:08  Supply Depot  
  101  8:11  Medivac  
  103  8:19  Barracks Reactor, Barracks Tech Lab  
  103  8:24  Marine  
  103  8:25  Marine  
  105  8:38  Terran Infantry Armor Level 1, Marauder  
  105  8:39  Marauder  
  105  8:40  Marine  
  106  8:42  Marine  
  99  8:49  Marine  
  94  8:56  Siege Tank  
  94  8:58  Marauder  
  94  8:59  Marine  
  94  9:00  Marauder  
  97  9:03  Missile Turret  
  97  9:09  Marine x2  
  94  9:11  Marine  
  96  9:17  Medivac x2  
  96  9:18  Marauder  
  96  9:19  Marauder  
  96  9:21  Marauder  
  106  9:27  Marine x3  
  106  9:29  Marine  
  110  9:39  Marine  
  110  9:41  Marauder  
  110  9:43  Marauder  
  113  9:53  Marine x2  
  113  9:57  Marauder  
  113  9:59  Combat Shields  
  117  10:00  Concussive Shells  
  117  10:02  Marauder  
  117  10:04  Marauder  
  114  10:10  Marine x2  
  113  10:15  Medivac  
  113  10:18  Marauder, Medivac  
  119  10:24  Marauder  
  119  10:25  Marauder  
  123  10:30  Armory  
  123  10:33  SCV x3  
  126  10:40  Marine x2  
  126  10:41  Marine x3  
  130  10:47  Marine  
  130  10:48  Marine  
  116  10:57  SCV x2  
  116  10:58  Marine x2  
  116  10:59  Marauder  
  116  11:03  Medivac x2  
  126  11:06  Marauder  
  126  11:11  Orbital Command  
  128  11:13  SCV x2  
  123  11:28  Marine x4, Marauder x3  
  113  11:33  Terran Infantry Weapons Level 2  
  113  11:37  Engineering Bay  
  113  11:46  Marine x4  
  117  11:49  Marine  
  117  11:53  Marauder x2  
  108  12:03  Marine  
  108  12:04  Marine  
  108  12:07  Marine x2, Marauder  
  111  12:14  Marauder x2  
  113  12:21  Marine x2  
  106  12:25  Marine x2  
  106  12:28  Marauder  
  109  12:35  Marine x2  
  109  12:36  Medivac x2  
  115  12:38  Siege Tank  
  115  12:41  Terran Infantry Armor Level 2  
  115  12:42  Barracks  
  115  12:43  Missile Turret, Terran Vehicle Weapons Level 1  
  118  12:47  Marine  
  118  12:48  Marine x3  
  118  12:50  Marauder  
  124  12:53  Marauder x2  
  126  13:10  Siege Tank  
  126  13:11  Marauder  
  126  13:13  Marine x3  
  126  13:15  Marauder x2  
  126  13:18  Marine  
  94  13:31  Marine x2  
  94  13:32  Marauder  
  89  13:34  Marine  
  89  13:35  Marine  
  89  13:36  Marauder x2  
  89  13:44  SCV x3  
  83  13:48  Marine x2  
  83  13:52  Marine  
  83  13:54  Marauder  
  85  13:56  SCV  
  85  13:57  Marauder  
  85  13:58  SCV x2, Marauder  
  92  14:07  Marine x2  
  92  14:08  Marine  
  93  14:15  Marauder  
  95  14:17  Marine  
  95  14:18  Siege Tank  
  95  14:19  Marauder x2, Medivac x2  
  107  14:25  Marine  
  107  14:26  Marine x2  
  108  14:37  Marauder  
  103  14:39  Marine  
  103  14:40  Marauder x2  
  98  14:47  Marine  
  98  14:50  Marine  
  92  14:58  Marauder  
  97  15:02  Marauder x2  
Tags
 
Add a new tag
Caveats
  • Supply blocks, unpowered buildings, or Contaminate may cause inaccurate times.
  • Supply counts are checked every 10 seconds.